 Dungeon Crawl Stone Soup version 0.29.0-4-gdea44cf6ec (webtiles) character file.

Game seed: 13903395902642310490

24 sanka the Slasher (level 2, 0/16 HPs)
             Began as a Deep Elf Gladiator on Aug 27, 2022.
             Slain by a gnoll
             ... wielding a +0 spear
              (1 damage)
             ... on level 1 of the Dungeon.
             The game lasted 00:01:09 (803 turns).

sanka the Slasher (Deep Elf Gladiator)               Turns: 803, Time: 00:01:09

Health: 0/16       AC:  4    Str: 11    XL:     2   Next: 79%
Magic:  4/4        EV: 13    Int: 12    God:
Gold:   64         SH:  0    Dex: 16    Spells: 1/1 levels left

rFire   . . .      SeeInvis .   a - +0 long sword
rCold   . . .      Faith    .   (no shield)
rNeg    . . .      Spirit   .   b - +0 leather armour
rPois   .          Reflect  .   c - +0 helmet
rElec   .          Harm     .   (no cloak)
rCorr   .          Rampage  .   (no gloves)
Will    .....                   (no boots)
Stlth   +.........              (no amulet)
HPRegen 0.05/turn               (no ring)
MPRegen 0.09/turn               (no ring)

@: no status effects
A: no striking features
a: no special abilities


You were on level 1 of the Dungeon.
You visited 1 branch of the dungeon, and saw 1 of its levels.

You collected 64 gold pieces.


   Skills:
 - Level 1.5 Fighting
 + Level 3.7 Long Blades
 - Level 2.0 Throwing
 - Level 3.6 Dodging


You had one spell level left.
You didn't know any spells.
Your spell library was empty.

Inventory:

Hand Weapons
 a - a +0 long sword (weapon)
Missiles
 d - 3 throwing nets (quivered) {=f}
 e - a javelin
Armour
 b - a +0 leather armour (worn)
 c - a +0 helmet (worn)
Scrolls
 g - a scroll of butterflies {unknown}
 h - a scroll of noise {unknown}
 j - a scroll of identify {unknown}
Potions
 f - a potion of heal wounds {unknown}
 i - 2 potions of curing {unknown}
 k - a potion of degeneration {unknown}

Dungeon Overview and Level Annotations

Branches:
Dungeon (1/15)

Altars:

Shops:
D:1

:
.....▒▒..▒....▒▒▒.............▒▒▒
.....▒▒.▒▒...▒......▒▒▒▒▒▒▒......
.....▒▒.▒ ▒.....▒▒▒ ▒▒▒....
.....▒▒.▒ ▒....▒▒ ▒▒... .....▒▒.▒
▒....▒▒ ▒▒(.. .....▒▒.▒.
▒.....▒▒▒ ▒▒▒....
......▒.▒▒...▒......▒▒▒▒▒▒▒.<....
.........▒....▒▒▒.............▒▒▒
.....▒...▒▒....ge▒▒▒.......▒▒▒...
▒▒▒▒▒▒▒...▒▒▒.......▒▒▒▒▒▒▒......
▒▒▒▒▒▒....▒▒▒▒▒▒.............▒▒▒
▒▒.>..▒▒▒▒..▒ ▒▒▒▒▒▒▒▒▒▒▒▒▒▒
......▒ ▒..▒ ......▒ ▒▒.▒▒▒▒
......▒▒▒▒.....▒
......▒▒.....▒.▒▒▒▒▒▒▒▒
......'†..............▒


You could see a gnoll.


Message History

You hit the gnoll.
The gnoll is lightly wounded.
The gnoll hits you but does no damage.
You hit the gnoll.
The gnoll is lightly wounded.
The gnoll barely misses you.
You barely miss the gnoll.
The gnoll is lightly wounded.
The gnoll hits you with a +0 spear!
Ouch! That really hurt!
* * * LOW HITPOINT WARNING * * *
The gnoll barely misses you.
You hit the gnoll but do no damage. You punch the gnoll.
The gnoll is moderately wounded.
The gnoll hits you with a +0 spear.
* * * LOW HITPOINT WARNING * * *
You hit the gnoll but do no damage.
The gnoll is moderately wounded.
The gnoll hits you with a +0 spear.
* * * LOW HITPOINT WARNING * * *
Unknown command.
You hit the gnoll.
The gnoll is moderately wounded.
The gnoll closely misses you.
Unknown command.
You hit the gnoll but do no damage.
The gnoll is moderately wounded.
The gnoll hits you with a +0 spear.
You die...

Action                   || total
-------------------------++-------
Melee: Long sword        ||    60
       Punch             ||     1
 Stab: Sleeping          ||     1
Armor: Leather armour    ||    17
Dodge: Dodged            ||    44

Levels and vault maps discovered:
D:1:      dpeg_arrival_oval, layout_basic, serial_shops, shop_statue,
          dreamdust_ecumenical_altar_drowned_temple

Notes
Turn   | Place    | Note
-------+----------+-------------------------------------------
     0 | D:1      | sanka the Deep Elf Gladiator began the quest for the Orb.
     0 | D:1      | Reached XP level 1. HP: 12/12 MP: 3/3
    78 | D:1      | Reached skill level 3 in Long Blades
    82 | D:1      | Reached XP level 2. HP: 8/16 MP: 4/4
   273 | D:1      | Found Qyqi's Book Boutique.
   464 | D:1      | Found a faded altar of an unknown god.
   801 | D:1      | HP: 1/16 [gnoll/+0 spear (3)]
   803 | D:1      | Slain by a gnoll

Vanquished Creatures
  A dart slug (D:1)
  2 endoplasms (D:1)
  A giant cockroach (D:1)
  A goblin (D:1)
  2 hobgoblins (D:1)
  3 jackals (D:1)
  A ball python (D:1)
  2 bats (D:1)
  3 frilled lizards (D:1)
  A kobold (D:1)
  4 rats (D:1)
  A spectral kobold (D:1)
22 creatures vanquished.
